 Dungeon Crawl Stone Soup version 0.31-a0-728-g01b46875f1 (webtiles) character file.

Game seed: 16029034614916120097

292758 Joey1 the Slayer (level 20, -4/206 HPs)
             Began as a Minotaur Berserker on Sept 10, 2023.
             Was the Champion of Trog.
             Killed from afar by an ice statue (37 damage)
             ... with a bolt of cold
             ... on level 2 of the Depths on Sept 11, 2023.
             The game lasted 02:39:24 (41400 turns).

Joey1 the Slayer (Minotaur Berserker)              Turns: 41400, Time: 02:39:24

Health: -4/206     AC: 21    Str: 27    XL:     20   Next: 33%
Magic:  0/19       EV: 10    Int:  5    God:    Trog [******]
Gold:   2022       SH: 24    Dex: 12    Spells: 19/19 levels left

rFire   . . .        Q - +16 obsidian axe {drain, demonic, Mesm Drain Fly SInv}
rCold   . . .        P - +6 tower shield
rNeg    + + .        W - +0 plate armour of Irksome Joy {rElec rN+ Will+ Int-2}
rPois   +            (helmet unavailable)
rElec   +            x - +2 cloak "Wucaczer" {rPois rC- Dex-2 SInv}
rCorr   .            i - +0 pair of gloves "Vurph" {Fly Regen+ Slay+3}
SInv    +            n - +1 pair of boots
Will    +++..        I - amulet of guardian spirit Stlth
                     t - ring "Tenapor" {Drain rPois rC+ Will+ Int+3}
HPRegen 1.34/turn    Z - ring "Moxzib" {rF+ rN+}
MPRegen 0.16/turn

%: guardian spirit
@: flying, mesmerised, studying Ranged Weapons
A: horns 3, retaliatory headbutt, heat vulnerability 1
}: 1/15 runes: decaying
a: Renounce Religion, Berserk, Trog's Hand, Brothers in Arms


You were on level 2 of the Depths.
You worshipped Trog.
Trog was exalted by your worship.
You visited 6 branches of the dungeon, and saw 31 of its levels.
You also visited: Ossuary, Gauntlet and Ice Cave.

You collected 3975 gold pieces.
You spent 1953 gold pieces at shops.

Inventory:

Hand Weapons
 a - the +5 mace of Oily Integrity {heavy, rF++ rC+ rCorr}
   (You took it off a minotaur in a Gauntlet)

   rF++:      It greatly protects you from fire.
   rC+:       It protects you from cold.
   rCorr:     It protects you from acid and corrosion.
 y - a +9 broad axe of freezing
 M - a +0 morningstar of freezing
 Q - the +16 obsidian axe (weapon) {drain, demonic, Mesm Drain Fly SInv}
   (You took it off a deep elf death mage on level 3 of the Elven Halls)

   Mesm:      Its wielder is mesmerised by any visible foes, and it cannot be
   unequipped while any foes are visible.
   SInv:      It lets you see invisible.
   Fly:       It grants you flight.
   Drain:     It drains your maximum health when unequipped.
Missiles
 p - 60 poisoned darts
 S - a throwing net
 V - 15 javelins
Armour
 g - a +1 hat of stealth
 i - the +0 pair of gloves "Vurph" (worn) {Fly Regen+ Slay+3}
   (You acquired it on level 11 of the Dungeon)

   Slay+3:    It affects your accuracy & damage with ranged weapons and melee
   (+3).
   Fly:       It grants you flight.
   Regen+:    It increases your rate of health regeneration.
 l - a +0 plate armour
 n - a +1 pair of boots (worn)
 x - the +2 cloak "Wucaczer" (worn) {rPois rC- Dex-2 SInv}
   (You found it on level 2 of the Lair of Beasts)

   Dex-2:     It affects your dexterity (-2).
   rC-:       It makes you vulnerable to cold.
   rPois:     It protects you from poison SInv: It lets you see invisible.
 P - a +6 tower shield (worn)
 W - the +0 plate armour of Irksome Joy (worn) {rElec rN+ Will+ Int-2}
   (You found it on level 11 of the Dungeon)

   Int-2:     It affects your intelligence (-2).
   rElec:     It insulates you from electricity.
   rN+:       It protects you from negative energy.
   Will+:     It increases your willpower.
Jewellery
 c - a ring of willpower
 m - a ring of ice
 q - a ring of poison resistance
 t - the ring "Tenapor" (left hand) {Drain rPois rC+ Will+ Int+3}
   (You found it in a Gauntlet)

   [ring of willpower]

   Int+3:     It affects your intelligence (+3).
   rC+:       It protects you from cold.
   rPois:     It protects you from poison Will+: It increases your willpower.
   Drain:     It drains your maximum health when unequipped.
 I - an amulet of guardian spirit (around neck)
 K - an amulet of the acrobat
 L - a ring of resist corrosion
 T - a ring of positive energy
 U - the ring "Hiros" {Fire Fly rElec Str+3 Int+3}
   (You found it on level 11 of the Dungeon)

   [ring of fire]

   Fire:      It enhances your fire magic.
   Str+3:     It affects your strength (+3).
   Int+3:     It affects your intelligence (+3).
   rF+:       It protects you from fire.
   rC-:       It makes you vulnerable to cold.
   rElec:     It insulates you from electricity.
   Fly:       It grants you flight.
 Z - the ring "Moxzib" (right hand) {rF+ rN+}
   (You took it off a deep elf blademaster on level 3 of the Elven Halls)

   [ring of positive energy]

   rF+:       It protects you from fire.
   rN+:       It protects you from negative energy.
Wands
 b - a wand of digging (17)
 o - a wand of paralysis (41)
 s - a wand of polymorph (13)
 F - a wand of light (12)
 G - a wand of mindburst (38)
 J - a wand of iceblast (11)
Scrolls
 d - 6 scrolls of teleportation
 e - 7 scrolls of revelation
 j - 8 scrolls of silence
 k - 9 scrolls of fear
 w - 7 scrolls of blinking
 C - a scroll of torment
 H - 2 scrolls of summoning
 R - a scroll of fog
Potions
 f - 4 potions of heal wounds
 h - 7 potions of resistance
 r - 4 potions of attraction
 u - a potion of mutation
 v - 9 potions of haste
 z - 7 potions of might
 A - 6 potions of enlightenment
 B - 13 potions of curing
 D - 5 potions of invisibility
 E - 6 potions of lignification
 O - 2 potions of magic
 Y - 5 potions of cancellation
Miscellaneous
 N - a lightning rod (4/4)
 X - a phial of floods


   Skills:
 + Level 24.0 Fighting
 - Level 21.0 Axes
 - Level 10.0 Throwing
 - Level 10.0 Armour
 - Level 10.0 Dodging
 - Level 16.0 Shields
 - Level 15.0 Evocations


You had 19 spell levels left.
You didn't know any spells.
Your spell library was empty.

Dungeon Overview and Level Annotations

Branches:
Dungeon (15/15)            Temple (0/1) D:7            Lair (5/5) D:10
  Swamp (4/4) Lair:3        Snake (0/4) Lair:2        Slime (0/5) Lair:4
    Orc (2/2) D:12            Elf (3/3) Orc:2        Vaults (0/5) D:13
 Depths (2/4) D:15        Ossuary (visited)           IceCv (visited)
Gauntlet (visited)

Altars:
Ashenzari
Gozag
Okawaru
Ru
Sif Muna
Vehumet
The Shining One

Shops:
D:4 (   D:5 *   D:7 =   D:9 (   D:11 *?:*(   D:12 =   D:13 ([   Orc:2 *=[[
Elf:1 ![(   Depths:1 !(

Portals:
Hell: Depths:1

Annotations:
Depths:1 2 runed translucent doors, Caat Rau's ghost, adept DgCj
Depths:2 exclusion: ice statue


Innate Abilities, Weirdness & Mutations

You have a pair of large horns on your head.
You reflexively headbutt those who attack you in melee.
You are vulnerable to heat. (rF-)


Message History

Your soul eater is engulfed in freezing vapours.
You block the ettin simulacrum's attack.
The ettin simulacrum hits you!
* * * LOW HITPOINT WARNING * * *
The ettin simulacrum freezes you!!
* * * LOW HITPOINT WARNING * * *
Your ynoxinul gestures.
Your neqoxec hits the ettin simulacrum.
Your ufetubus is engulfed in freezing vapours.
The ice statue gestures.
Your soul eater hits the ice beast but does no damage.
You block the ettin simulacrum's attack. x2
You completely miss the ettin simulacrum.
The ettin simulacrum is almost destroyed.
You slash the ice devil! You hit the ice beast. You drain the ice beast.
You open a gate to Pandemonium!
A demon appears!
Visions of slaying the ice devil flood into your mind.
Your neqoxec hits the ettin simulacrum.
The ettin simulacrum vaporises!
Trog accepts your kill.
Your sun demon hits the ice devil.
The ice devil is engulfed in flames!
The ice devil is burned terribly!
Your soul eater hits the ice beast!!
Your ufetubus is engulfed in freezing vapours.
Your ufetubus dies!
Your ufetubus disappears in a puff of smoke!
The ice devil completely misses your sun demon.
Training target 24.0 for Fighting reached!
Your Fighting skill increases to level 24!
You need to enable at least one skill for training.
You slice the ice devil!!
You are no longer entranced.
You kill the ice devil!
Trog accepts your kill.
You closely miss the ice beast.
Visions of slaying the ice beast flood into your mind.
You block the ice beast's attack. The ice statue gestures at you.
The bolt of cold hits the ice beast.
The ice beast completely resists.
The bolt of cold hits you!!!
You die...

++##.......~≈≈
++...........≈≈≈
..............~~
.....~~.........~
....~~~...~~~.....
#)§..~~~....4~~≈~....
#.[........~YY?.~~...
#∩._.......≈@Y8.~~...
#.........~~3$3[~~...
#$§..~~~...35~~~~....
#.....~~~~.~3≈~.....
#......~~.........~
##)$)..$........≈≈
###)'...........≈~≈
##...''##.......≈≈≈≈
##......#####++######


You could see an ice statue (ally target), 3 ice beasts, a friendly soul eater
(summoned), a friendly sun demon (summoned), a friendly orange demon (summoned),
a friendly neqoxec (summoned), a friendly ynoxinul (summoned) and a friendly
ufetubus (summoned).

Vanquished Creatures
  3 tentacled monstrosities
  A lich (Depths:1)
  2 deep elf blademasters (Elf:3)
  2 deep elf master archers (Elf:3)
  A thorn hunter (Swamp:2)
  2 shadow dragons (Elf:1)
  Agnes (D:14)
  A tengu reaver (Depths:2)
  Roxanne (Swamp:3)
  A fenstrider witch (Swamp:4)
  3 fire giants
  3 deep elf sorcerers
  A frost giant (IceCv)
  5 slime creatures
  Louise (Elf:3)
  3 deep elf elementalists (Elf:3)
  An orc warlord (Orc:1)
  5 very ugly things
  A stone giant (shapeshifter) (Elf:1)
  An eleionoma (Lair:3)
  4 stone giants
  4 deep elf demonologists (Elf:3)
  A dire elephant (Lair:3)
  2 deep elf annihilators (Elf:3)
  A bunyip (Swamp:3)
  A minotaur (Gauntlet)
  A blizzard demon (Depths:2)
  3 ettins (Depths:1)
  2 green deaths (Swamp:4)
  6 deep elf death magi
  2 fire dragons
  6 deep elf high priests
  A shambling mangrove (Swamp:3)
  Fannar (D:10)
  3 ghost crabs
  3 ice dragons
  A rakshasa (Depths:1)
  10 hydras
  A death knight (D:13)
  2 hell beasts (Depths:1)
  9 alligators
  A catoblepas (D:11)
  4 boulder beetles
  6 two-headed ogres
  An anaconda (Lair:3)
  An ogre mage (D:15)
  5 centaur warriors
  A jorogumo (shapeshifter) (Depths:1)
  A vampire mage (Depths:1)
  28 dancing weapons
  A hell hog (Depths:1)
  2 deep troll shamans (Depths:1)
  3 deep troll earth magi
  9 death yaks
  9 tengu warriors
  2 orc high priests
  Urug (Lair:2)
  8 sun demons (Depths:1)
  17 deep elf knights
  A fire crab (Lair:3)
  3 iron trolls (Depths:1)
  9 skeletal warriors
  2 quicksilver dragon simulacra (Depths:2)
  A skyshark (shapeshifter) (D:12)
  13 bog bodies
  A flayed ghost (Depths:1)
  A death drake (Swamp:1)
  6 goliath frogs
  2 spriggan druids (Swamp:2)
  3 swamp dragons
  2 glowing orange brains
  A wizard (D:14)
  12 deep elf archers
  A phantasmal warrior (D:12)
  4 deep trolls (Depths:1)
  33 deep elf zephyrmancers
  A wolf spider (D:15)
  23 deep elf pyromancers
  28 ugly things
  11 cyclopes
  9 orc knights
  2 shining eyes (Depths:1)
  4 will-o-the-wisps
  4 manticores
  A guardian serpent (shapeshifter) (D:15)
  An ice statue (IceCv)
  23 elephants
  6 black mambas
  An eye of devastation (Depths:1)
  4 orange demons (Swamp:4)
  21 cane toads
  The ghost of twolf1369 the Shooter, a novice FoHu (D:5)
  3 torpor snails
  12 rime drakes
  4 kobold demonologists
  Maggie (D:8)
  9 komodo dragons
  3 tengu conjurers
  5 unseen horrors
  An efreet (D:11)
  4 red devils (Elf:2)
  4 ice devils
  A wolf spider simulacrum (D:15)
  7 trolls
  14 tyrant leeches
  A bloated husk (Swamp:1)
  A meliai (D:13)
  11 hornets
  8 polar bears
  Prince Ribbit (Lair:2)
  Grinder (D:6)
  31 blink frogs
  3 dream sheep (D:7)
  9 spriggans
  2 air elementals
  Sigmund (D:6)
  A dire elephant simulacrum (Lair:2)
  4 shadows
  A yak (shapeshifter) (D:15)
  3 water elementals
  A wyvern (D:9)
  3 vampires
  4 wraiths
  3 fire elementals
  22 vampire mosquitoes
  53 yaks
  5 steam dragons
  7 basilisks
  8 swamp worms
  6 wargs
  Edmund (D:5)
  A large abomination (Swamp:4)
  24 water moccasins
  3 acid dragons
  45 orc warriors
  6 black bears
  5 swamp drakes
  2 ice beasts (D:7)
  3 ettin simulacra (Depths:2)
  2 ogres
  14 wolves
  9 centaurs
  A phantom (D:5)
  4 kobold brigands
  Blork the orc (D:6)
  20 bullfrogs
  8 scorpions
  3 gnoll sergeants
  2 earth elementals (Elf:1)
  A troll zombie (Swamp:1)
  2 elephant simulacra (Lair:2)
  20 killer bees
  3 electric eels
  2 howler monkeys
  A rime drake simulacrum (Lair:2)
  4 jellies
  14 orc priests
  4 hounds
  Crazy Yiuf (D:5)
  The ghost of Dynojp the Changeling, a weakling FeSh (D:3)
  3 gnoll boudas
  3 sleepcaps
  An iguana (D:4)
  15 orc wizards
  A bullfrog simulacrum (Lair:2)
  12 mummies (Ossuary)
  Robin (D:3)
  28 gnolls
  12 adders
  4 shadow imps
  10 white imps
  4 ufetubi
  2 worms (D:2)
  5 dart slugs
  107 orcs
  6 endoplasms
  6 giant cockroaches
  12 goblins
  16 hobgoblins
  4 jackals (D:2)
  3 quokkas
  6 ball pythons
  2 bats (D:2)
  4 frilled lizards
  A gnoll skeleton (Ossuary)
  2 goblin skeletons (Ossuary)
  35 kobolds
  4 kobold skeletons (Ossuary)
  An orc skeleton (Ossuary)
  7 rats
  11 rat skeletons (Ossuary)
1231 creatures vanquished.

Vanquished Creatures (collateral kills)
  Bai Suzhen (Swamp:3)
  A deep elf blademaster (Elf:2)
  An ironbound preserver (D:13)
  A very ugly thing (Depths:1)
  A stone giant (Depths:1)
  2 deep elf annihilators (Elf:3)
  A bunyip (Swamp:3)
  7 hydras
  2 boulder beetles (D:11)
  A centaur warrior (D:11)
  4 two-headed ogres
  A vampire mage (Depths:1)
  3 dancing weapons (Elf:2)
  2 deep elf knights (Elf:2)
  Amaemon (Lair:2)
  A glowing orange brain (Gauntlet)
  2 slime creatures
  A swamp dragon (Swamp:4)
  A flayed ghost (Depths:1)
  A deep elf pyromancer (Elf:2)
  3 ugly things
  A shining eye (Depths:1)
  2 orc sorcerers (D:15)
  A cyclops (D:13)
  An orange demon (Lair:2)
  An efreet (D:11)
  An ice devil (Depths:2)
  A hornet (Swamp:3)
  A spriggan (Swamp:2)
  A swamp worm (Swamp:3)
  An acid dragon (D:13)
  2 wargs (Orc:2)
  A water moccasin (Lair:2)
  A large abomination (Swamp:4)
  2 orc warriors (Orc:2)
  An ettin simulacrum (Depths:2)
  A swamp drake (Swamp:4)
  An ogre (D:15)
  2 orcs (Orc:2)
60 creatures vanquished.

Vanquished Creatures (others)
  A great orb of eyes (Depths:1)
  2 deep elf knights (Elf:1)
  A deep elf pyromancer (Elf:3)
  An ugly thing (D:11)
  A tengu conjurer (Gauntlet)
  4 bloated husks
  A swamp drake (Swamp:3)
  An orc wizard (D:10)
  9 foxfires
21 creatures vanquished.

Grand Total: 1312 creatures vanquished

Notes
Turn   | Place    | Note
-------+----------+-------------------------------------------
     0 | D:1      | Joey1 the Minotaur Berserker began the quest for the Orb.
     0 | D:1      | Reached XP level 1. HP: 19/19 MP: 0/0
    91 | D:1      | Found a faded altar of an unknown god.
   165 | D:1      | Reached XP level 2. HP: 26/27 MP: 1/1
   431 | D:1      | Reached skill level 4 in Fighting
   608 | D:2      | Reached ** piety under Trog
   616 | D:2      | Reached XP level 3. HP: 28/33 MP: 2/2
   985 | D:2      | Reached XP level 4. HP: 41/41 MP: 3/3
  1558 | D:3      | Noticed Robin
  1567 | D:3      | Reached *** piety under Trog
  1576 | D:3      | Killed Robin
  1670 | D:3      | Noticed a kobold brigand
  1672 | D:3      | Found a runed translucent gate.
  1672 | D:3      | Found a runed translucent gate.
  1672 | D:3      | Noticed Dynojp's ghost (weakling FeSh)
  1674 | D:3      | Found a runed translucent gate.
  1793 | D:3      | Reached XP level 5. HP: 47/47 MP: 4/4
  1920 | D:3      | Reached skill level 5 in Fighting
  2196 | D:3      | Reached skill level 5 in Axes
  2796 | D:4      | Reached XP level 6. HP: 56/56 MP: 5/5
  3349 | D:4      | Found Istac's Antique Weapon Emporium.
  3388 | D:4      | Reached skill level 5 in Dodging
  3939 | D:4      | Reached XP level 7. HP: 23/61 MP: 6/6
  4146 | D:4      | Identified the +0 helmet of the Midnight Sun {rC+ MP+9}
  4460 | D:5      | Entered Level 5 of the Dungeon
  4464 | D:5      | Identified the +6 sling of Change {heavy, rElec rC++ Will+
                  | Dex-4}
  4502 | D:5      | Noticed a steam dragon
  4752 | D:5      | Reached **** piety under Trog
  4794 | D:5      | Found a runed translucent gate.
  4794 | D:5      | Found a runed translucent gate.
  4794 | D:5      | Found a runed translucent gate.
  4805 | D:5      | Noticed twolf1369's ghost (novice FoHu)
  4827 | D:5      | Noticed Edmund
  4846 | D:5      | Killed Edmund
  4847 | D:5      | Reached skill level 10 in Axes
  4847 | D:5      | Reached XP level 8. HP: 68/68 MP: 7/7
  4925 | D:5      | Found a runed translucent door.
  4926 | D:5      | Noticed Crazy Yiuf
  4986 | D:5      | Identified the +2 rapier "Luh Fysm" {flame, rElec SInv}
  5058 | D:5      | Found a sacrificial altar of Ru.
  5058 | D:5      | Found a radiant altar of Vehumet.
  5239 | D:5      | Found Kucuzxif's Assorted Antiques.
  5257 | D:5      | Bought a scroll labelled GAL YNEIVIEREG for 25 gold pieces
  5257 | D:5      | Bought a scroll labelled ETAAQA OCANT for 25 gold pieces
  5257 | D:5      | Bought a scroll labelled GORILO OGI for 25 gold pieces
  5257 | D:5      | Bought a scroll labelled GORILO OGI for 25 gold pieces
  5748 | D:6      | Noticed Blork the orc
  5757 | D:6      | Killed Blork the orc
  6096 | D:6      | Noticed Sigmund
  6103 | D:6      | Killed Sigmund
  6104 | D:6      | Reached XP level 9. HP: 74/74 MP: 8/8
  6334 | D:6      | Noticed Grinder
  6399 | D:6      | Killed Grinder
  7001 | D:7      | Reached skill level 6 in Fighting
  7112 | D:7      | Reached skill level 7 in Fighting
  7121 | D:7      | Found Ibbit's Jewellery Shop.
  7129 | D:7      | Found a staircase to the Ecumenical Temple.
  7179 | D:7      | Found a sand-covered staircase.
  7201 | Ossuary  | Entered an ossuary
  7393 | Ossuary  | Reached ***** piety under Trog
  7535 | Ossuary  | Reached skill level 8 in Fighting
  7896 | D:7      | Reached skill level 9 in Fighting
  7910 | D:7      | Reached XP level 10. HP: 51/93 MP: 9/9
  7920 | D:7      | Reached skill level 10 in Fighting
  8046 | D:7      | Found the +5 robe of Night {Dark Will+ SInv}
  8272 | D:8      | Noticed Maggie
  8283 | D:8      | Killed Maggie
  8642 | D:8      | Found an iron altar of Okawaru.
  9322 | D:9      | Reached skill level 5 in Armour
  9604 | D:3      | Killed Dynojp's ghost
  9992 | D:5      | Killed twolf1369's ghost
 10064 | D:5      | Killed Crazy Yiuf
 10732 | D:9      | Noticed a two-headed ogre
 10739 | D:9      | Killed a two-headed ogre
 10740 | D:9      | Reached skill level 15 in Axes
 11105 | D:8      | Reached XP level 11. HP: 82/99 MP: 8/10
 11408 | D:9      | Found an opulent altar of Gozag.
 11448 | D:9      | Found Rierej's Weapon Boutique.
 11915 | D:9      | Noticed a wolf spider
 12130 | D:10     | Entered Level 10 of the Dungeon
 12142 | D:10     | Noticed a two-headed ogre
 12158 | D:10     | Killed a two-headed ogre
 12159 | D:10     | Reached skill level 11 in Fighting
 12422 | D:10     | Found a staircase to the Lair.
 12432 | D:10     | Received a gift from Trog
 12524 | D:10     | Noticed Fannar
 12536 | D:10     | Killed Fannar
 12764 | D:10     | Reached skill level 12 in Fighting
 13096 | D:11     | Found Asaos's Book Emporium.
 13261 | D:11     | Noticed a two-headed ogre
 13266 | D:11     | Killed a two-headed ogre
 13267 | D:11     | Reached skill level 13 in Fighting
 13288 | D:11     | Found Varutokk's Antique Weapon Shoppe.
 13481 | D:11     | Reached skill level 14 in Fighting
 13633 | D:11     | Found Zimiuwn's Magic Scroll Boutique.
 13658 | D:11     | Found Xahiavin's General Store.
 13661 | D:11     | Identified the ring "Hiros" {Fire Fly rElec Str+3 Int+3}
 13746 | D:11     | Noticed a boulder beetle
 13751 | D:11     | Killed a boulder beetle
 13936 | D:11     | Found Naresof's Assorted Antiques.
 14044 | D:11     | Reached skill level 15 in Fighting
 14118 | D:11     | Found a runed translucent door.
 14119 | D:11     | Found a runed translucent door.
 14155 | D:11     | Killed a cyan ugly thing
 14156 | D:11     | Noticed a centaur warrior
 14156 | D:11     | Noticed a boulder beetle
 14160 | D:11     | Killed a centaur warrior
 14161 | D:11     | Reached XP level 12. HP: 82/119 MP: 8/11
 14165 | D:11     | Killed a boulder beetle
 14177 | D:11     | Noticed a catoblepas
 14178 | D:11     | Killed a catoblepas
 14282 | D:11     | Identified the +0 plate armour of Irksome Joy {rElec rN+
                  | Will+ Int-2}
 14775 | Lair:1   | Entered Level 1 of the Lair of Beasts
 15266 | Lair:1   | You fall into a shaft and drop 1 floor!
 15276 | Lair:2   | Noticed Amaemon
 15283 | Lair:2   | Killed Amaemon
 16201 | Lair:2   | Found a transporter.
 16427 | Lair:2   | Reached skill level 16 in Fighting
 16651 | Lair:2   | Reached XP level 13. HP: 83/128 MP: 8/12
 16861 | Lair:2   | Found a transporter.
 16927 | Lair:2   | Found a staircase to the Snake Pit.
 16988 | Lair:2   | Noticed Urug
 16996 | Lair:2   | Killed Urug
 17513 | Lair:2   | Noticed Prince Ribbit
 17530 | Lair:2   | Killed Prince Ribbit
 17952 | Lair:3   | Identified the +2 robe of Noughts and Crosses {rPois rN++}
 18077 | Lair:3   | Found a staircase to the Swamp.
 18077 | Lair:3   | Noticed an eleionoma
 18089 | Lair:3   | Killed an eleionoma
 18259 | Lair:3   | Received a gift from Trog
 18843 | Lair:3   | Paralysed by a hornet for 1 turns
 18872 | Lair:3   | Noticed a dire elephant
 18892 | Lair:3   | Killed a dire elephant
 19493 | Lair:4   | Found a sacrificial altar of Ru.
 19511 | Lair:4   | Found a staircase to the Slime Pits.
 19700 | Lair:4   | Reached skill level 10 in Dodging
 20190 | Lair:4   | Reached skill level 1 in Evocations
 20473 | Lair:5   | Entered Level 5 of the Lair of Beasts
 20794 | Lair:5   | Found a frozen archway.
 20803 | IceCv    | Entered an ice cave
 21049 | IceCv    | Reached XP level 14. HP: 76/137 MP: 9/13
 21387 | IceCv    | Noticed a frost giant
 21417 | IceCv    | Reached skill level 5 in Evocations
 21428 | IceCv    | Killed a frost giant
 21597 | IceCv    | Reached skill level 1 in Shields
 22270 | Lair:5   | Reached skill level 5 in Shields
 22274 | Lair:5   | Received a gift from Trog
 23019 | Lair:5   | Reached skill level 10 in Shields
 23345 | Lair:5   | Reached skill level 17 in Fighting
 24094 | Lair:5   | Upgraded the game from 0.31-a0-716-gc7603755dd to
                  | 0.31-a0-728-g01b46875f1
 24259 | D:11     | Bought a scroll of acquirement for 728 gold pieces
 24315 | D:12     | Noticed a stone giant
 24362 | D:12     | Found Xihafopp's Jewellery Boutique.
 24386 | D:12     | Reached ****** piety under Trog
 24387 | D:12     | Reached XP level 15. HP: 107/147 MP: 9/14
 24432 | D:12     | Found a gate leading to a gauntlet.
 24440 | Gauntlet | Entered a Gauntlet
 24440 | Gauntlet | Found a transporter.
 24440 | Gauntlet | Found a transporter.
 24576 | Gauntlet | Found a transporter.
 24576 | Gauntlet | Found a transporter.
 24587 | Gauntlet | Found a transporter.
 24594 | Gauntlet | Found a transporter.
 24600 | Gauntlet | Found a large runed translucent door.
 24601 | Gauntlet | Found a large runed translucent door.
 24603 | Gauntlet | Found a runed translucent gate.
 24604 | Gauntlet | Found a transporter.
 24604 | Gauntlet | Found a transporter.
 24604 | Gauntlet | Found a runed translucent gate.
 24605 | Gauntlet | Found a runed translucent gate.
 24607 | Gauntlet | Found a large runed translucent door.
 24608 | Gauntlet | Found a large runed translucent door.
 24620 | Gauntlet | Found a large runed translucent door.
 24620 | Gauntlet | Found a large runed translucent door.
 24621 | Gauntlet | Found a large runed translucent door.
 24621 | Gauntlet | Found a large runed translucent door.
 24628 | Gauntlet | Found a transporter.
 24631 | Gauntlet | Found a large runed translucent door.
 24631 | Gauntlet | Found a large runed translucent door.
 24631 | Gauntlet | Found a runed translucent door.
 24631 | Gauntlet | Found a runed translucent door.
 24632 | Gauntlet | Found a large runed translucent door.
 24633 | Gauntlet | Found a large runed translucent door.
 24635 | Gauntlet | Found a transporter.
 24647 | Gauntlet | Found a transporter.
 24691 | Gauntlet | Found a transporter.
 24702 | Gauntlet | Found a transporter.
 24716 | Gauntlet | Found a transporter.
 24732 | Gauntlet | Found a large runed translucent door.
 24732 | Gauntlet | Found a large runed translucent door.
 24733 | Gauntlet | Found a large runed translucent door.
 24734 | Gauntlet | Found a large runed translucent door.
 24821 | Gauntlet | Found a transporter.
 24835 | Gauntlet | Found a transporter.
 25048 | Gauntlet | Identified the ring "Tenapor" {Drain rPois rC+ Will+ Int+3}
 25149 | Gauntlet | Reached skill level 18 in Fighting
 25177 | Gauntlet | Identified the +5 mace of Oily Integrity {heavy, rF++ rC+
                  | rCorr}
 25386 | D:12     | Noticed a fire giant
 25396 | D:12     | Killed a fire giant
 25396 | D:12     | Identified the +3 trident "Qiuz" {flame, rF++} (Trog gifted
                  | it to you on level 12 of the Dungeon)
 25396 | D:12     | Received a gift from Trog
 25638 | D:12     | Found a staircase to the Orcish Mines.
 26389 | Orc:1    | Entered Level 1 of the Orcish Mines
 26556 | Orc:2    | Entered Level 2 of the Orcish Mines
 26943 | Orc:2    | Received a gift from Trog
 27661 | Orc:2    | Found Mezo's Antique Armour Shoppe.
 27661 | Orc:2    | Found Beoq's Armour Shop.
 27699 | Orc:2    | Found a staircase to the Elven Halls.
 28162 | Orc:2    | Found Apaem's Jewellery Shoppe.
 28162 | Orc:2    | Found Yroshaf's General Store.
 28266 | Orc:2    | Reached skill level 10 in Evocations
 28538 | D:11     | Acquired the +0 pair of gloves "Vurph" {Fly Regen+ Slay+3}
 28552 | D:11     | Bought a scroll of identify for 28 gold pieces
 28552 | D:11     | Bought a scroll of immolation for 56 gold pieces
 28552 | D:11     | Bought a scroll of teleportation for 42 gold pieces
 28552 | D:11     | Bought a scroll of revelation for 105 gold pieces
 28552 | D:11     | Bought a scroll of identify for 28 gold pieces
 28552 | D:11     | Bought a scroll of identify for 28 gold pieces
 28552 | D:11     | Bought a scroll of noise for 14 gold pieces
 28721 | Orc:2    | Bought a potion of curing for 33 gold pieces
 28721 | Orc:2    | Bought a scroll of revelation for 82 gold pieces
 28721 | Orc:2    | Bought a scroll of fear for 44 gold pieces
 28721 | Orc:2    | Bought a scroll of identify for 22 gold pieces
 28721 | Orc:2    | Bought a potion of enlightenment for 55 gold pieces
 28948 | Lair:2   | Identified the +2 cloak "Wucaczer" {rPois rC- Dex-2 SInv}
 29071 | D:11     | Bought a viscous white potion for 29 gold pieces
 29071 | D:11     | Bought a scroll of blinking for 247 gold pieces
 29223 | Lair:5   | Reached XP level 16. HP: 159/159 MP: 15/15
 29490 | Elf:1    | Entered Level 1 of the Elven Halls
 29502 | Elf:1    | Reached skill level 19 in Fighting
 29597 | Elf:1    | Paralysed by an air elemental for 1 turns
 29602 | Elf:1    | Paralysed by an air elemental for 1 turns
 29722 | Elf:1    | Found Lauh Lae's Antique Weapon Shoppe.
 29884 | Elf:1    | Found Uxuwnuta's Antique Armour Shoppe.
 29884 | Elf:1    | Found Rirusuc's Distillery.
 30183 | Elf:1    | Received a gift from Trog
 30292 | Elf:1    | Reached XP level 17. HP: 118/168 MP: 11/16
 30852 | Elf:1    | Identified the +1 lajatang of Qycuqet {flame, rPois Dex+4}
 30915 | Elf:1    | Identified the +8 morningstar "Cipheroja" {antimagic,
                  | rPois}
 30927 | Elf:1    | Reached skill level 20 in Fighting
 30931 | Elf:1    | Found a runed translucent gate.
 30931 | Elf:1    | Found a runed translucent gate.
 30931 | Elf:1    | Found a runed translucent gate.
 30931 | Elf:1    | Found a runed translucent gate.
 30931 | Elf:1    | Found a runed translucent gate.
 30933 | Elf:1    | Found a runed translucent gate.
 31249 | Elf:2    | Received a gift from Trog
 31680 | Elf:2    | Found a runed translucent gate.
 31680 | Elf:2    | Found a runed translucent gate.
 31680 | Elf:2    | Found a runed translucent gate.
 31806 | Elf:2    | Noticed a deep elf blademaster
 32101 | Elf:2    | HP: 5/170 [+0 vampiric eveningstar (18)]
 32150 | Elf:2    | Received a gift from Trog
 32233 | Elf:2    | Killed a deep elf blademaster
 32340 | Elf:2    | Reached skill level 10 in Armour
 33054 | Elf:3    | Entered Level 3 of the Elven Halls
 33165 | Elf:3    | Noticed Louise
 33332 | Elf:3    | Killed Louise
 33695 | Elf:3    | Reached XP level 18. HP: 180/180 MP: 17/17
 33712 | Elf:3    | Reached skill level 21 in Fighting
 33783 | Elf:3    | Paralysed by an air elemental for 1 turns
 34313 | Elf:3    | Received a gift from Trog
 34451 | Elf:3    | Identified the +4 scale mail "Mysaif" {Fly Will+ Int+3
                  | SInv}
 34492 | Elf:3    | Reached skill level 15 in Shields
 34514 | Elf:3    | Gained mutation: You are dopey. (Int -2) [a cacodemon]
 34521 | Elf:3    | Noticed an Ice Fiend
 34672 | Elf:3    | Identified the ring "Moxzib" {rF+ rN+}
 35151 | Swamp:1  | Entered Level 1 of the Swamp
 35179 | Swamp:1  | Noticed a tentacled monstrosity
 35190 | Swamp:1  | Killed a tentacled monstrosity
 35790 | Swamp:2  | Received a gift from Trog
 36352 | Swamp:3  | Noticed Roxanne
 36507 | Swamp:3  | Noticed Bai Suzhen
 36519 | Swamp:3  | Killed Bai Suzhen
 36613 | Swamp:3  | Reached skill level 22 in Fighting
 36621 | Swamp:3  | Reached skill level 1 in Throwing
 37100 | Swamp:3  | Killed Roxanne
 37165 | Swamp:4  | Entered Level 4 of the Swamp
 37226 | Swamp:4  | Reached skill level 5 in Throwing
 37247 | Swamp:4  | Reached XP level 19. HP: 157/191 MP: 14/18
 37400 | Swamp:4  | Identified the +4 ring mail of Qazlal's Indignation {Harm
                  | rF+ Int+2}
 37528 | Swamp:4  | Received a gift from Trog
 37901 | Swamp:4  | Got a decaying rune of Zot
 37944 | Swamp:4  | Lost mutation: You are dopey. (Int -2) [potion of mutation]
 37944 | Swamp:4  | Gained mutation: Your muscles are strong. (Str +4, Int/Dex
                  | -1) [potion of mutation]
 37944 | Swamp:4  | Gained mutation: Your mind is acute. (Int +4, Str/Dex -1)
                  | [potion of mutation]
 38184 | D:13     | Found Wal Ugri's Weapon Boutique.
 38260 | D:13     | Found Indra's Dragon-Slaying Spoils.
 38374 | D:13     | Found a shimmering blue altar of Sif Muna.
 38864 | D:13     | Reached skill level 10 in Throwing
 39024 | D:13     | Found a gate to the Vaults.
 39372 | D:14     | Noticed Agnes
 39376 | D:14     | Killed Agnes
 39535 | D:15     | Entered Level 15 of the Dungeon
 39542 | D:15     | Received a gift from Trog
 39687 | D:15     | Found a staircase to the Depths.
 40375 | Depths:1 | Entered Level 1 of the Depths
 40400 | Depths:1 | Gained mutation: You are clumsy. (Dex -2) [a shining eye]
 40403 | Depths:1 | Gained mutation: You are vulnerable to heat. (rF-) [a
                  | shining eye]
 40404 | Depths:1 | Reached skill level 15 in Evocations
 40407 | Depths:1 | Found a gateway to Hell.
 40436 | Depths:1 | Gained mutation: Armour fits poorly on your strangely
                  | shaped body. [a shining eye]
 40511 | Depths:1 | Found a large runed translucent door.
 40511 | Depths:1 | Found a large runed translucent door.
 40531 | D:15     | Lost mutation: You are clumsy. (Dex -2) [potion of
                  | mutation]
 40531 | D:15     | Lost mutation: Armour fits poorly on your strangely shaped
                  | body. [potion of mutation]
 40531 | D:15     | Lost mutation: Your mind is acute. (Int +4, Str/Dex -1)
                  | [potion of mutation]
 40531 | D:15     | Gained mutation: Your spells are a little easier to cast,
                  | but a little less powerful. [potion of mutation]
 40531 | D:15     | Gained mutation: You sometimes lose your temper in combat.
                  | [potion of mutation]
 40531 | D:15     | Gained mutation: You are dopey. (Int -2) [potion of
                  | mutation]
 40532 | D:15     | Lost mutation: Your spells are a little easier to cast, but
                  | a little less powerful. [potion of mutation]
 40532 | D:15     | Lost mutation: You sometimes lose your temper in combat.
                  | [potion of mutation]
 40532 | D:15     | Lost mutation: Your muscles are strong. (Str +4, Int/Dex
                  | -1) [potion of mutation]
 40532 | D:15     | Gained mutation: You are clumsy. (Dex -2) [potion of
                  | mutation]
 40532 | D:15     | Gained mutation: You occasionally lose the ability to drink
                  | potions when taking damage. [potion of mutation]
 40532 | D:15     | Gained mutation: You are somewhat resistant to further
                  | mutation. [potion of mutation]
 40533 | D:15     | Lost mutation: You are dopey. (Int -2) [potion of mutation]
 40533 | D:15     | Lost mutation: You occasionally lose the ability to drink
                  | potions when taking damage. [potion of mutation]
 40533 | D:15     | Lost mutation: You are clumsy. (Dex -2) [potion of
                  | mutation]
 40533 | D:15     | Gained mutation: You occasionally lose the ability to drink
                  | potions when taking damage. [potion of mutation]
 40534 | D:15     | Lost mutation: You occasionally lose the ability to drink
                  | potions when taking damage. [potion of mutation]
 40534 | D:15     | Lost mutation: You are somewhat resistant to further
                  | mutation. [potion of mutation]
 40534 | D:15     | Gained mutation: You have a pair of large horns on your
                  | head. [potion of mutation]
 40568 | Depths:1 | Reached XP level 20. HP: 143/202 MP: 12/19
 40588 | Depths:1 | Received a gift from Trog
 40621 | Depths:1 | Found Feuwot's Weapon Emporium.
 40631 | Depths:1 | Reached skill level 23 in Fighting
 40716 | Depths:1 | Found Pyimmug's Distillery.
 40721 | Depths:1 | Bought a potion of cancellation for 104 gold pieces
 40721 | Depths:1 | Bought a potion of mutation for 104 gold pieces
 40721 | Depths:1 | Bought a potion of cancellation for 104 gold pieces
 40818 | Depths:1 | Found a glowing golden altar of the Shining One.
 40850 | Depths:1 | Noticed Caat Rau's ghost (adept DgCj)
 41246 | Depths:1 | You are sucked into a shaft and drop 1 floor!
 41348 | Depths:2 | Found a broken altar of Ashenzari.
 41391 | Depths:2 | Received a gift from Trog
 41400 | Depths:2 | Reached skill level 24 in Fighting
 41400 | Depths:2 | Killed from afar by an ice statue

Illustrated notes

Levels and vault maps discovered:
D:1:      minmay_arrival_jagged, layout_rooms,
          chequers_ecumenical_altar_simple_redux, kennysheep_pointless_box,
          chequers_decorated_corner
D:2:      layout_loops_corners
D:3:      layout_loops_corners, gammafunk_ghost_nasty_kobolds,
          serial_bayou_lagoon_b, uniq_robin
D:4:      minmay_octagon_keep, layout_basic, serial_shops,
          nicolae_shop_rolling_square, minmay_misc_feat_square, kennysheep_dice
D:5:      layout_loops_ring, gammafunk_temple_overflow_pools, serial_shops,
          shop, ebering_ghost_rock_garden, minmay_diced_spiral, uniq_edmund,
          uniq_crazy_yiuf_cottage
D:6:      layout_basic, nicolae_nh_ransacked_shop, uniq_grinder,
          uniq_blork_the_orc, uniq_sigmund
D:7:      layout_loops_ring, minmay_temple_entry_mist, serial_demonic,
          serial_demonic_d, serial_demonic_g, serial_demonic_b,
          serial_demonic_a, serial_demonic_a, serial_demonic_e,
          serial_demonic_b, enter_ossuary_2, serial_shops, shop,
          hellmonk_guarded_unrand_night
D:8:      layout_cave_pods, mainiacjoe_overflow_tiny_flanked, uniq_maggie
D:9:      layout_loops_cross, grunt_gozag_breadcrumbs, serial_shops, shop,
          kennysheep_island_fort
D:10:     layout_loops_ring, lair_entry_dummy, uniq_fannar
D:11:     minmay_the_grid_triangle_9x9_rhombus_thin
          [minmay_the_grid_triangle_9x9_tough_junction,
          minmay_the_grid_triangle_9x9_prize_schism,
          minmay_the_grid_triangle_9x9_zippers_vertical,
          minmay_the_grid_triangle_9x9_sprig], layout_loops_ring, serial_shops,
          shop_fountains, nicolae_shop_pleasant_corner_grove,
          nicolae_shop_peninsula, shop, shop_fountains
D:12:     minmay_octo_star, layout_basic, david_orc_4, serial_shops,
          nicolae_shop_tiny_statue_garden, gauntlet_entry_generic
D:13:     minmay_box_of_statues, layout_long_grid,
          skrybe_vaults_entry_preservation, serial_shops, shop,
          palyth_stone_intersect, nicolae_shop_dragon_depot, tgw_sif
D:14:     layout_rooms, uniq_agnes
D:15:     grunt_enter_depths_hoard, layout_loops_ring
Lair:1:   layout_gridlike, lemuel_fruit_tree, serial_bayou_shore_a,
          grunt_megastairs_1
Lair:2:   gammafunk_cloud_chamber, layout_cave_pods,
          minmay_snake_entry_six_corridors, uniq_prince_ribbit2, uniq_amaemon,
          uniq_urug
Lair:3:   layout_loops_ring, alex1729_swamp_entry_worm_eleionoma,
          nicolae_lair_lakeside_cave, lemuel_fruit_fields
Lair:4:   layout_gridlike, nicolae_slime_entry_slimehenge, basic_altar
Lair:5:   minmay_lair_end_frog_pond, layout_regular_city, portal_ice_cave_rime,
          serial_bayou_shore_b
Swamp:1:  layout_basic_swamp, infiniplex_staircase_pool_2,
          cheibrodos_swamp_minitomb
Swamp:2:  layout_basic_swamp, serial_swamp_ruin, evilmike_swamp_ruin_house_5,
          evilmike_swamp_ruin_house_6, evilmike_swamp_ruin_house_4
Swamp:3:  layout_basic_swamp, hangedman_swamp_ruin_hall, swamp_pool5,
          uniq_roxanne, uniq_bai_suzhen
Swamp:4:  swamp_vile, layout_basic_swamp
Orc:1:    layout_caves
Orc:2:    st_orc_town, layout_diamond_mine, small_statue_alley_c
Elf:1:    elf_arrival_002, layout_loops_corners, serial_shops, shop,
          orc_legates, minmay_shoptagon
Elf:2:    nicolae_elf_blades_splatter_lattice
          [nicolae_blade_entry_floor_patterns], layout_rooms,
          einodemon_armed_red_devil_minivault, lemuel_elevator
Elf:3:    elf_hall_gauntlet_narrow, layout_geoelf_diagonals, serial_sigils,
          serial_sigils_hangedman_leer, serial_sigils_hangedman_gnaw,
          serial_sigils_hangedman_writhe, serial_sigils_hangedman_confine,
          serial_sigils_hangedman_scar, uniq_louise
Depths:1: layout_cave_shapes, ebering_ghost_disaster_area,
          nicolae_concentric_dashed_squares_mild,
          nicolae_hell_entry_hellmouth_sunbeams, tso_metal_star,
          minmay_shop_star
Depths:2: grunt_profane_halls [grunt_profane_temple_dis,
          grunt_profane_temple_coc, grunt_profane_temple_tar,
          grunt_profane_temple_geh, grunt_profane_loot], pan_entry, hell_entry

Skill      XL: |  1  2  3  4  5  6  7  8  9 10 11 12 13 14 15 16 17 18 19 20 |
---------------+-------------------------------------------------------------+-----
Fighting       | 4 5 9 10 15 16 17 18 19 20 22 24 | 24.0
Axes           | 4 5 7 10 12 14 16 19 20 21 | 21.0
Armour         | 3 5 9 10 | 10.0
Dodging        | 3 4 5 7 10 | 10.0
Evocations     | 3 6 10 13 15 | 15.0
Shields        | 10 12 13 16 | 16.0
Throwing       | 5 10 | 10.0

Action                     |  1- 3 |  4- 6 |  7- 9 | 10-12 | 13-15 | 16-18 | 19-21 || total
---------------------------+-------+-------+-------+-------+-------+-------+-------++-------
  Melee: Hand axe          |    85 |   150 |   437 |   371 |       |       |       ||  1043
         Headbutt          |    16 |    28 |    97 |   125 |   187 |   187 |   140 ||   780
         Punch             |       |     1 |     4 |     4 |       |       |       ||     9
         Battleaxe         |       |       |       |   226 |   379 |       |       ||   605
         Broad axe         |       |       |       |       |   468 |   821 |   497 ||  1786
         Morningstar       |       |       |       |       |     4 |       |       ||     4
 Invoke: Berserk           |       |       |     3 |     6 |     5 |       |       ||    14
         Trog's Hand       |       |       |     5 |     1 |     1 |     2 |       ||     9
         Brothers in Arms  |       |       |       |     3 |     2 |     7 |     1 ||    13
  Evoke: Phial of floods   |       |       |       |       |     1 |       |       ||     1
    Use: Scroll            |       |       |     7 |     9 |    18 |    19 |       ||    53
         Potion            |       |       |       |       |     1 |     4 |     7 ||    12
   Stab: Distracted        |       |       |       |       |       |     4 |    14 ||    18
 Armour: Animal skin       |    12 |       |       |       |       |       |       ||    12
         Plate armour      |    45 |   136 |   260 |   444 |   465 |   548 |   289 ||  2187
         Ring mail         |       |       |       |       |    71 |       |       ||    71
  Dodge: Dodged            |    48 |    60 |   121 |   179 |   265 |   176 |    89 ||   938
  Block: Kite shield       |       |       |       |       |   238 |   214 |       ||   452
         Tower shield      |       |       |       |       |       |   288 |   415 ||   703

Table legend: (Time is in decaauts)
 A = Elapsed time spent in this place.
 B = Non-inter-level travel time spent in this place.
 C = Inter-level travel time spent in this place.
 D = Time resting spent in this place.
 E = Time spent auto-exploring this place.
 F = Levels seen in this place.
 G = Mean time per level.
                   A        B        C        D        E       F      G
               +--------+--------+--------+--------+--------+-----+--------+
         Total |  40846 |  36692 |   4154 |   5950 |  22963 |  34 | 1201.4 |
       Dungeon |  18699 |  16088 |   2611 |   2090 |  11167 |  15 | 1246.6 |
          Lair |   8152 |   7406 |    746 |   1437 |   4762 |   5 | 1630.4 |
         Swamp |   2826 |   2681 |    145 |    159 |   1895 |   4 |  706.5 |
  Orcish Mines |   2303 |   1982 |    321 |    557 |    993 |   2 | 1151.5 |
   Elven Halls |   5274 |   4945 |    329 |    598 |   2868 |   3 | 1758.0 |
        Depths |    984 |    984 |      0 |    149 |    570 |   2 |  492.0 |
       Ossuary |    422 |    422 |      0 |      0 |    298 |   1 |  422.0 |
      Ice Cave |   1432 |   1432 |      0 |    930 |      0 |   1 | 1432.0 |
      Gauntlet |    751 |    751 |      0 |     27 |    409 |   1 |  751.0 |
               +--------+--------+--------+--------+--------+-----+--------+

Top non-repeatable levels by time:
     D:4: 2135 daAuts
    D:11: 1950 daAuts
  Lair:2: 1920 daAuts
   Elf:2: 1910 daAuts
  Lair:5: 1812 daAuts
  Lair:3: 1761 daAuts
   Elf:3: 1712 daAuts
   Elf:1: 1651 daAuts
   Orc:2: 1608 daAuts
     D:8: 1555 daAuts
  Lair:1: 1536 daAuts
    D:12: 1481 daAuts
   IceCv: 1432 daAuts
     D:5: 1416 daAuts
     D:3: 1406 daAuts
